 Dungeon Crawl Stone Soup version 0.22.0-18-ge075c0de6d (webtiles) character file.

5250 Htamos the Summoner (level 10, -3/65 HPs)
             Began as a Tengu Summoner on Aug 18, 2018.
             Was a Priest of Sif Muna.
             Killed from afar by an orc sorcerer (38 damage)
             ... with a bolt of fire
             ... led by an orc knight
             ... on level 1 of the Orcish Mines.
             The game lasted 00:41:40 (13256 turns).

Htamos the Summoner (Tengu Summoner)               Turns: 13256, Time: 00:41:41

Health: -3/65      AC:  6    Str:  8    XL:     10   Next: 62%
Magic:  17/28      EV: 15    Int: 20    God:    Sif Muna [***...]
Gold:   254        SH:  0    Dex: 14    Spells: 10/20 levels left

rFire    . . .     SeeInvis .   M - +4 great sword (freeze)
rCold    . . .     Gourm    .   (shield currently unavailable)
rNeg     . . .     Faith    .   g - +0 troll leather armour
rPois    .         Spirit   .   P - +2 hat
rElec    .         Reflect  .   (no cloak)
rCorr    .         Harm     .   (no gloves)
MR       .....                  (boots unavailable)
Stlth    ++........             z - amulet of regeneration
HPRegen  1.00/turn              s - ring of magical power
MPRegen  0.21/turn              e - ring of wizardry

@: no status effects
A: beak, talons 3, able to fly 1
a: Fly, Divine Energy, Channel Magic, Renounce Religion


You were on level 1 of the Orcish Mines.
You worshipped Sif Muna.
Sif Muna was most pleased with you.
You were near starving.

You visited 2 branches of the dungeon, and saw 10 of its levels.

You collected 488 gold pieces.
You spent 234 gold pieces at shops.

Inventory:

Hand Weapons
 A - a +2 dagger of venom
 M - a +4 great sword of freezing (weapon)
 O - a +7 rapier of draining
 Q - a +4 executioner's axe of electrocution
 X - a +3 falchion of distortion
Missiles
 b - 361 stones (quivered)
 i - a throwing net
Armour
 a - a +1 robe
 g - a +0 troll leather armour (worn)
 w - the +1 leather armour of Love and Death {MR+ Str+5 Dex-5}
   (You found it on level 8 of the Dungeon)

   It affects your strength (+5).
   It affects your dexterity (-5).
   It affects your resistance to hostile enchantments.
 P - a +2 hat (worn)
 S - the +5 plate armour "Jemoodaz" {rF+++ rC+ MR+ Stlth-}
   (You found it on level 7 of the Dungeon)

   It renders you almost immune to fire.
   It protects you from cold.
   It affects your resistance to hostile enchantments.
   It makes you less stealthy.
 V - the +2 scale mail of the Villain {rC+ Str+3 Int+4 Slay-5}
   (You took it off an orc on level 7 of the Dungeon)

   It affects your strength (+3).
   It affects your intelligence (+4).
   It affects your accuracy and damage with ranged weapons and melee attacks
   (-5).
   It protects you from cold.
Magical Staves
 R - an uncursed staff of summoning {unknown}
Jewellery
 e - a ring of wizardry (right hand)
 j - an uncursed amulet of the gourmand
 m - an uncursed ring of positive energy
 o - an uncursed ring of positive energy
 s - a ring of magical power (left hand)
 z - an amulet of regeneration (around neck)
 B - a ring "Aqiokl Qaik" {*Corrode rF- EV+3 Dex+7}
   (You found it on level 7 of the Dungeon)

   [ring of evasion]

   It affects your evasion (+3).
   It affects your dexterity (+7).
   It makes you vulnerable to fire.
   It may corrode you when you take damage.
 K - a +3 ring of protection
Wands
 n - a wand of digging (3)
 y - a wand of flame (9)
 L - a wand of acid (3)
 T - a wand of polymorph (16)
Scrolls
 f - 2 scrolls of remove curse
 k - 7 scrolls of teleportation
 p - a scroll of fear
 q - a scroll of identify
 G - 2 scrolls of fog
Potions
 d - a potion of mutation {unknown}
 h - 2 potions of degeneration
 l - a potion of haste
 t - 2 potions of curing
 v - 2 potions of lignification {unknown}
 D - a potion of resistance {unknown}
 H - 2 potions of flight {unknown}
 I - a potion of agility {unknown}
 J - 2 potions of invisibility {unknown}
 Y - 2 potions of might {unknown}
 Z - a potion of heal wounds
Comestibles
 c - 25 rations


   Skills:
 * Level 8.5 Fighting
 - Level 4.3 Long Blades
 + Level 7.1 Dodging
 - Level 4.0 Stealth
 + Level 5.8 Spellcasting
 + Level 8.8 Summonings
 + Level 6.5 Air Magic


You had 10 spell levels left.
You knew the following spells:

 Your Spells              Type           Power        Failure   Level  Hunger
a - Summon Small Mammal   Summ           ####         1%          1    None
b - Call Imp              Summ           #####...     1%          2    None
c - Call Canine Familiar  Summ           #####...     1%          3    ##.....
d - Summon Lightning Spi  Summ/Air       #####...     2%          4    ####...

Your spell library contained the following spells:

 Spells                   Type           Power        Failure   Level  Hunger
 Summon Butterflies       Summ           #####...     1%          1    None
 Summon Guardian Golem    Hex/Summ       ###.....     3%          3    ##.....
 Beastly Appendage        Tmut           #.....       6%          1    None
 Corona                   Hex            #......      6%          1    None
 Slow                     Hex            #.......     10%         2    None
 Sticks to Snakes         Tmut           #.......     10%         2    None
 Summon Ice Beast         Ice/Summ       ###.....     11%         4    ####...
 Inner Flame              Hex/Fire       #.......     19%         3    ##.....
 Portal Projectile        Hex/Tloc       #.....       19%         3    ##.....
 Spider Form              Tmut/Pois      #.........   19%         3    ##.....
 Summon Mana Viper        Hex/Summ       ###.....     26%         5    #####..
 Silence                  Hex/Air        ###.......   41%         5    #####..
 Cause Fear               Hex            #.........   50%         4    ####...
 Ice Form                 Ice/Tmut       #.......     50%         4    ####...
 Leda's Liquefaction      Hex/Erth       #.........   50%         4    ####...
 Summon Hydra             Summ           #####.....   77%         7    #######
 Blade Hands              Tmut           #.........   83%         5    #####..
 Irradiate                Conj/Tmut      #.........   83%         5    #####..
 Yara's Violent Unravell  Hex/Tmut       #.........   83%         5    #####..
 Deflect Missiles         Chrm/Air       ###.......   91%         6    #######
 Hydra Form               Tmut           #.........   100%        6    #######
 Statue Form              Tmut/Erth      #........    100%        6    #######
 Dragon Form              Tmut           #.........   100%        7    #######
 Discord                  Hex            #.........   100%        8    #######


Dungeon Overview and Level Annotations

Branches:
Dungeon (9/15)             Temple (0/1) D:4             Orc (1/2) D:9
   Lair: D:8-11

Altars:
Sif Muna
Beogh

Shops:
D:7 }

Annotations:
D:3 exclusion: 2 downstairs
D:4 exclusion: downstairs
D:8 exclusion: downstairs
Orc:1 Urug


Innate Abilities, Weirdness & Mutations

You have a beak for a mouth.
You have claws for feet.
You can fly.


Message History

Your lightning spire shoots out a bolt of lightning at the two-headed ogre!
The bolt of electricity hits the two-headed ogre. x2
Send 'em back where they came from!
Your lightning spire shudders.
The two-headed ogre hits your lightning spire with a giant club!
The two-headed ogre hits your lightning spire with a giant club!!
Your lightning spire is destroyed!
The orc knight hits you with a great mace.
Casting: Summon Lightning Spire (safe; 2% risk of failure)
Confirm with . or Enter, or press ? or * to list all spells.
Aiming: Summon Lightning Spire (safe; 2% risk of failure)
Press: ? - help, Dir - move target cursor An electric hum fills the air.
You are near starving!
The orc knight hits you with a great mace!!
The orc sorcerer mumbles some strange words.
The orc sorcerer casts a spell at you. The bolt of fire hits you!
Ouch! That really hurt!
You die...

#......#.....[.......#....#.#
.......####.))......###.....#
......## #...[...###..#....###
...8...# #...[...######......#
......#####........####......##
#.....###..................#.#
##............4o...........###
##...........Oo.........###.###.
#.##.....>..#.@........# .$ ..
## #.......####8.....#.# #.#...
#......## #......#.## ......
#.#...## ##..##...o##.#....
###..## ####.##.#........ ####
###.###o...... #..oo.......#
##..o(..)..## ##...(.....#


You could see an orc knight, a two-headed ogre, an orc sorcerer, a red devil and
a friendly lightning spire.

Vanquished Creatures
  A gargoyle (D:9)
  A centaur skeleton (D:8)
  A spriggan (D:8)
  A water moccasin (D:9)
  2 sky beasts (D:7)
  An orc warrior (Orc:1)
  A crocodile (D:8)
  Blork the orc (D:4)
  4 bullfrogs
  2 scorpions
  2 killer bees (D:7)
  A howler monkey (D:9)
  3 crimson imps
  2 bullfrog zombies
  A bullfrog skeleton (D:9)
  5 orc priests
  5 hounds
  4 orc wizards
  3 iguanas
  5 worker ants
  A hound zombie (D:5)
  A hound skeleton (D:4)
  3 worker ant zombies
  3 gnolls
  6 adders
  An ooze (D:3)
  3 adder zombies
  2 adder skeletons
  3 dart slugs
  6 leopard geckos
  17 orcs
  5 bats
  7 giant cockroaches
  6 goblins
  6 hobgoblins
  4 jackals (D:4)
  7 kobolds
  2 quokkas
  2 ball pythons
  6 frilled lizards
  2 quokka skeletons
  A quokka zombie (D:6)
  5 rats
145 creatures vanquished.

Vanquished Creatures (collateral kills)
  A two-headed ogre (D:8)
  A manticore (D:7)
  A troll (Orc:1)
  Grinder (D:3)
  A hippogriff (D:5)
  A slime creature (D:7)
  Menkaure (D:4)
  Duvessa (D:6)
  5 orc warriors
  A phantom (D:9)
  A sky beast (D:6)
  8 ogres
  A big kobold (D:9)
  A bullfrog (D:6)
  A wyvern zombie (D:8)
  Dowan (D:6)
  3 killer bees (D:7)
  3 scorpions
  A howler monkey (D:9)
  5 wights (D:6)
  A crimson imp (D:8)
  A quasit (D:4)
  3 hounds
  A jelly (D:9)
  3 orc priests
  5 orc wizards
  A centaur skeleton (D:5)
  Jessica (D:3)
  Terence (D:3)
  A hound zombie (D:6)
  6 gnolls (D:6)
  7 adders
  A shadow imp (D:6)
  An adder zombie (D:7)
  A worm (D:5)
  A leopard gecko (D:7)
  36 orcs
  A kobold (D:9)
  A quokka (D:3)
112 creatures vanquished.

Grand Total: 257 creatures vanquished

Notes
Turn   | Place    | Note
-------+----------+-------------------------------------------
     0 | D:1      | Htamos the Tengu Summoner began the quest for the Orb.
     0 | D:1      | Reached XP level 1. HP: 10/10 MP: 4/4
   688 | D:1      | Reached XP level 2. HP: 12/15 MP: 6/6
   756 | D:1      | Reached skill level 5 in Summonings
  1284 | D:2      | Noticed an ogre
  1309 | D:2      | Found a deep blue altar of Sif Muna.
  1345 | D:2      | Became a worshipper of Sif Muna the Loreminder
  1420 | D:2      | Reached XP level 3. HP: 18/20 MP: 3/7
  1426 | D:2      | Learned a level 2 spell: Call Imp
  1430 | D:2      | Learned a level 3 spell: Call Canine Familiar
  1670 | D:2      | Reached skill level 1 in Fighting
  1831 | D:2      | Killed an ogre
  1831 | D:2      | Reached XP level 4. HP: 25/25 MP: 0/8
  2606 | D:3      | Noticed Terence
  2628 | D:3      | Gained mutation: You can fly. [Tengu growth]
  2628 | D:3      | Reached XP level 5. HP: 20/30 MP: 6/9
  2642 | D:3      | Killed Terence
  2780 | D:3      | Noticed Jessica
  2786 | D:3      | Killed Jessica
  3616 | D:3      | Reached skill level 1 in Long Blades
  3724 | D:3      | Noticed Grinder
  3766 | D:3      | Paralysed by Grinder for 3 turns
  4136 | D:3      | Paralysed by Grinder for 6 turns
  4152 | D:3      | Killed Grinder
  4152 | D:3      | Reached XP level 6. HP: 32/36 MP: 1/11
  4780 | D:4      | Reached * piety under Sif Muna
  5111 | D:4      | Noticed Blork the orc
  5122 | D:4      | Killed Blork the orc
  5122 | D:4      | Reached XP level 7. HP: 21/41 MP: 12/12
  5403 | D:4      | Noticed Menkaure
  5858 | D:4      | Killed Menkaure
  6533 | D:4      | Found a staircase to the Ecumenical Temple.
  6869 | D:5      | Entered Level 5 of the Dungeon
  6879 | D:5      | Learned a level 4 spell: Summon Lightning Spire
  7162 | D:5      | Reached XP level 8. HP: 44/48 MP: 14/14
  7339 | D:5      | Reached skill level 1 in Air Magic
  7557 | D:5      | Noticed a hippogriff
  7589 | D:5      | Killed a hippogriff
  8557 | D:6      | Reached ** piety under Sif Muna
  8557 | D:6      | Reached skill level 5 in Fighting
  9072 | D:6      | Reached skill level 5 in Dodging
  9097 | D:6      | Noticed Dowan
  9098 | D:6      | Noticed Duvessa
  9110 | D:6      | Killed Dowan
  9131 | D:6      | Killed Duvessa
  9893 | D:7      | Found a runed door.
  9926 | D:7      | Reached XP level 9. HP: 52/55 MP: 16/16
 10033 | D:7      | Noticed a gargoyle
 10166 | D:7      | Got a smoking wooden ring
 10167 | D:7      | Identified a ring "Aqiokl Qaik" {*Corrode rF- EV+3 Dex+7} (You found it on level 7 of the Dungeon)
 10192 | D:7      | Identified a scroll of acquirement
 10247 | D:7      | Got a heavily runed plate armour
 10248 | D:7      | Identified the +5 plate armour "Jemoodaz" {rF+++ rC+ MR+ Stlth-} (You found it on level 7 of the Dungeon)
 10262 | D:7      | Noticed a manticore
 10286 | D:7      | Killed a manticore
 10425 | D:7      | Found Kyosoel's Gadget Boutique.
 10444 | D:7      | Bought a wand of polymorph (16) for 234 gold pieces
 11047 | D:7      | Got a fine scale mail
 11257 | D:7      | Found a roughly hewn altar of Beogh.
 11269 | D:7      | Identified the +2 scale mail of the Villain {rC+ Str+3 Int+4 Slay-5} (You took it off an orc on level 7 of the Dungeon)
 11487 | D:8      | Reached skill level 5 in Spellcasting
 11571 | D:8      | Got a twisted leather armour
 11582 | D:8      | Identified the +1 leather armour of Love and Death {MR+ Str+5 Dex-5} (You found it on level 8 of the Dungeon)
 11634 | D:8      | Noticed a two-headed ogre
 11721 | D:8      | Killed a two-headed ogre
 11721 | D:8      | Reached skill level 5 in Air Magic
 11721 | D:8      | Reached XP level 10. HP: 63/63 MP: 2/18
 11982 | D:8      | Reached *** piety under Sif Muna
 12266 | D:9      | Killed a gargoyle
 12709 | D:9      | Found a staircase to the Orcish Mines.
 12850 | Orc:1    | Entered Level 1 of the Orcish Mines
 13009 | Orc:1    | Noticed a two-headed ogre
 13013 | Orc:1    | Noticed Urug
 13015 | Orc:1    | Noticed an orc knight
 13026 | Orc:1    | Noticed an orc sorcerer
 13039 | Orc:1    | Noticed a rust devil
 13256 | Orc:1    | Killed from afar by an orc sorcerer

Skill      XL: |  1  2  3  4  5  6  7  8  9 10 |
---------------+-------------------------------+-----
Summonings     | 5 6 7 8 |  8.8
Fighting       | 1 2 3 4 5 7 8 |  8.5
Dodging        | 3 4 5 6 7 |  7.1
Stealth        | 3 4 |  4.0
Long Blades    | 1 2 4 |  4.3
Spellcasting   | 3 4 5 |  5.8
Air Magic      | 3 5 6 |  6.5

Action                   |  1- 3 |  4- 6 |  7- 9 | 10-12 || total
-------------------------+-------+-------+-------+-------++-------
Melee: Unarmed           |    24 |       |       |       ||    24
       Kick              |    18 |    26 |    48 |    17 ||   109
       Peck              |     9 |    13 |    27 |    10 ||    59
       Dagger            |    54 |    32 |    26 |       ||   112
       Falchion          |       |    75 |       |       ||    75
       Long sword        |       |       |    96 |       ||    96
       Rapier            |       |       |    97 |    25 ||   122
       Great sword       |       |       |     3 |    47 ||    50
       Executioner's axe |       |       |     9 |       ||     9
 Cast: Summon Small Mamm |    12 |     9 |    25 |     2 ||    48
       Call Canine Famil |     4 |    15 |    42 |    16 ||    77
       Call Imp          |       |    13 |    23 |     2 ||    38
       Summon Lightning  |       |       |    29 |    18 ||    47
 Abil: Fly               |       |       |     2 |       ||     2
Evoke: Wand              |       |       |       |     7 ||     7
  Use: Scroll            |     4 |       |    17 |     2 ||    23
       Potion            |       |       |     4 |       ||     4
 Stab: Sleeping          |     2 |     4 |     8 |     2 ||    16
       Distracted        |       |       |     1 |       ||     1
  Eat: Chunk             |     6 |    18 |    25 |     8 ||    57
Armor: Robe              |     9 |    13 |    42 |       ||    64
       Scale mail        |       |       |    21 |       ||    21
       Leather armour    |       |       |       |    18 ||    18
       Troll leather arm |       |       |       |     2 ||     2
Dodge: Dodged            |    50 |   101 |   201 |    95 ||   447
       Rpst.: Falchion   |       |    31 |       |       ||    31
       Long sword        |       |       |    17 |       ||    17
       Great sword       |       |       |     1 |    22 ||    23
